 Dungeon Crawl Stone Soup version 0.28-a0-1395-g4f6bc678fa (webtiles) character file.

Game seed: 14931675567342321864

7 MacCMillion the Caller (level 1, 7/7 HPs)
             Began as a Felid Summoner on Jan 4, 2022.
             Quit the game on level 1 of the Dungeon.
             The game lasted 00:01:51 (341 turns).

MacCMillion the Caller (Felid Summoner)              Turns: 341, Time: 00:01:52

Health: 7/7        AC:  1    Str:  4    XL:     1   Next: 91%
Magic:  2/4        EV: 17    Int: 16    God:
Gold:   2          SH:  0    Dex: 16    Spells: 3/4 levels left
                                        Lives:  0   Deaths: 0

rFire   . . .      SeeInvis +   (weapon unavailable)
rCold   . . .      Faith    .   (shield unavailable)
rNeg    . . .      Spirit   .   (armour unavailable)
rPois   .          Reflect  .   (helmet unavailable)
rElec   .          Harm     .   (cloak unavailable)
rCorr   .          Rampage  .   (gloves unavailable)
Will    .....                   (boots unavailable)
Stlth   ++........              (no amulet)
HPRegen 0.02/turn               (no ring)
MPRegen 0.09/turn               (no ring)

@: quick
A: very small, claws 1, fangs 3, see invisible, speed 1, shaggy fur 1, stealthy
paws, no weapons or thrown items, no armour, multi-lived
a: no special abilities


You were on level 1 of the Dungeon.
You visited 1 branch of the dungeon, and saw 1 of its levels.

You collected 2 gold pieces.

Inventory:

Scrolls
 a - a scroll of teleportation {unknown}
 b - a scroll of enchant armour {unknown}


   Skills:
 + Level 3.0 Dodging
 + Level 3.0 Stealth
 + Level 2.1 Spellcasting
 + Level 4.1 Summonings


You had 3 spell levels left.
You knew the following spells:

 Your Spells              Type           Power      Damage    Failure   Level
a - Summon Small Mammal   Summ           56%        N/A       3%          1

Your spell library contained the following spells:

 Spells                   Type           Power      Damage    Failure   Level
 Call Imp                 Summ           14%        N/A       6%          2
 Call Canine Familiar     Summ           14%        N/A       12%         3
 Summon Guardian Golem    Hex/Summ       8%         N/A       26%         3
 Conjure Flame            Conj/Fire      1%         6-21      52%         3
 Ignite Poison            Fire/Tmut/Pois 1%         N/A       52%         3
 Summon Lightning Spire   Summ/Air       8%         N/A       65%         4
 Sticky Flame             Conj/Fire      1%         2d3       90%         4


Dungeon Overview and Level Annotations

Branches:
Dungeon (1/15)

Altars:


Innate Abilities, Weirdness & Mutations

You have sharp claws.
You have razor-sharp teeth.
You have supernaturally acute eyesight. (SInv)
You cover ground quickly. (Speed+)
You are covered in fur. (AC +1)
Your paws help you pounce on unaware monsters.
You are incapable of wielding weapons or throwing items.
You cannot wear armour.
You gain extra lives every three experience levels.


Message History

The jackal barks!
The jackal bites your quokka.
Your quokka closely misses the jackal.
The jackal closely misses your quokka.
Your quokka barely misses the jackal.
The jackal bites your quokka. The jackal barely misses your quokka.
Your quokka bites the jackal but does no damage.
The jackal bites your quokka but does no damage.
Your quokka closely misses the jackal.
The jackal barely misses your quokka.
Your quokka bites the jackal.
The jackal dies!
A jackal is nearby!
You swap places.
You see here a +0 leather armour.
What are your orders? t - Meow!
Orders for allies: a - Attack new target. r - Retreat! s - Stop attacking. g - Guard the area. f - Follow me.
Anything else - Cancel.
Gang up on whom?
Press: ? - help, Dir - move target, f - jackal
Aim: a jackal Attack!
Your quokka barely misses the jackal.
Unknown command.
Casting: Summon Small Mammal (safe; 3% risk of failure)
Confirm with . or Enter, or press ? or * to list all spells.
The jackal barely misses your quokka.
Your quokka misses the jackal. The jackal bites your quokka.
Your quokka barely misses the jackal.
The jackal bites your quokka but does no damage.
The jackal bites your quokka but does no damage.
Your quokka misses the jackal.
You swap places.
The jackal bites your quokka but does no damage.
Your quokka bites the jackal.
The jackal bites your quokka.
Your quokka bites the jackal.
The jackal dies!
Your Dodging skill increases to level 3!
Your Stealth skill increases to level 3!
Are you sure you want to abandon this character and quit the game? (Confirm with "yes".)

##.## #.# #.#
#######.#.#######.####.#
.......###..........##.##
#######.#.#...##...b....#
##.#.....#.##.###.#
#########.....##.##.###.###
.♣)♣.♣.♣..##.###.##..b....#
..........##.# #.######.#.#
.♣.♣.8.♣.###.# #@######.#.#
########## #+# #br........#
#########.## .# .# .# .# .#


You could see a friendly quokka (summoned) and a friendly bat (summoned).

Vanquished Creatures (collateral kills)
  2 goblins (D:1)
  2 jackals (D:1)
  A quokka (D:1)
  A rat (D:1)
6 creatures vanquished.

Notes
Turn   | Place    | Note
-------+----------+-------------------------------------------
     0 | D:1      | MacCMillion the Felid Summoner began the quest for the Orb.
     0 | D:1      | Reached XP level 1. HP: 7/7 MP: 4/4
   341 | D:1      | Quit the game

Illustrated notes

Levels and vault maps discovered:
D:1:      lightli_arrival_chessboard, layout_loops_corners,
          basic_ecumenical_altar, chequers_avenue

Skill      XL: |  1 |
---------------+----+-----
Dodging        | 3 |  3.0
Stealth        | 3 |  3.0
Spellcasting   | |  2.1
Summonings     | |  4.1

Action                   || total
-------------------------++-------
 Cast: Summon Small Mamm ||    17
Armor: Skin              ||     1
Dodge: Dodged            ||     6

Table legend: (Time is in decaauts)
 A = Elapsed time spent in this place.
 B = Non-inter-level travel time spent in this place.
 C = Inter-level travel time spent in this place.
 D = Time resting spent in this place.
 E = Time spent auto-exploring this place.
 F = Levels seen in this place.
 G = Mean time per level.
                   A        B        C        D        E       F      G
               +--------+--------+--------+--------+--------+-----+--------+
         Total |    300 |    300 |      0 |     14 |    178 |   1 |  300.0 |
       Dungeon |    300 |    300 |      0 |     14 |    178 |   1 |  300.0 |
               +--------+--------+--------+--------+--------+-----+--------+

Top non-repeatable levels by time:
     D:1: 300 daAuts
